 Dungeon Crawl Stone Soup version 0.27.1-3-gb3d3a73c9e (webtiles) character file.

Game seed: 2368654736530660606

5 Turgor the Chiller (level 1, 11/13 HPs)
             Began as a Merfolk Ice Elementalist on Oct 7, 2021.
             Was a Follower of Trog.
             Quit the game on level 1 of the Dungeon.
             The game lasted 00:02:35 (324 turns).

Turgor the Chiller (Merfolk Ice Elementalist)        Turns: 324, Time: 00:02:37

Health: 11/13      AC:  2    Str:  8    XL:     1   Next: 80%
Magic:  3/3        EV: 12    Int: 14    God:    Trog [*.....]
Gold:   18         SH:  0    Dex: 14    Spells: 3/4 levels left

rFire    + . .     SeeInvis .   (no weapon)
rCold    + . .     Faith    .   (no shield)
rNeg     . . .     Spirit   .   a - +0 robe
rPois    .         Reflect  .   (no helmet)
rElec    .         Harm     .   c - scarf {rC+ rF+}
rCorr    .         Rampage  .   (no gloves)
Will     .....                  (no boots)
Stlth    ++........             (no amulet)
HPRegen  0.04/turn              (no ring)
MPRegen  0.08/turn              (no ring)

@: no status effects
A: (nimble swimmer 2), mertail
a: Renounce Religion, Berserk


You were on level 1 of the Dungeon.
You worshipped Trog.
Trog was aware of your devotion.
You visited 1 branch of the dungeon, and saw 1 of its levels.

You collected 18 gold pieces.

Inventory:

Armour
 a - a +0 robe (worn)
 c - a scarf of resistance (worn)
Scrolls
 b - 3 scrolls of enchant weapon {unknown}
 d - a scroll of teleportation {unknown}
 e - a scroll of identify {unknown}
 f - a scroll of fear {unknown}


   Skills:
 + Level 0.0 Fighting
 - Level 2.6 Dodging
 - Level 2.1 Stealth
 + Level 0.0 Unarmed Combat
 - Level 2.2 Spellcasting
 - Level 4.5 Ice Magic


You had 3 spell levels left.
You knew the following spells:

 Your Spells              Type           Power      Damage    Failure   Level
a - Freeze                Ice            56%        1d7       3%          1

Your spell library contained the following spells:

 Spells                   Type           Power      Damage    Failure   Level
 Frozen Ramparts          Ice            28%        1d4       11%         3
 Ozocubu's Armour         Ice            14%        N/A       11%         3
 Hailstorm                Conj/Ice       7%         3d4       65%         4


Dungeon Overview and Level Annotations

Branches:
Dungeon (1/15)

Altars:
Trog


Innate Abilities, Weirdness & Mutations

((You are quick and stealthy near water. (Stealth+, EV+, Speed+++)))
Your lower body shifts to a powerful aquatic tail in water.


Message History

Aiming: Freeze (safe; 3% risk of failure)
Press: ? - help, Shift-Dir - straight line, f/p - hobgoblin
Aim: a hobgoblin (heavily wounded)
You freeze the hobgoblin.
The hobgoblin is almost dead.
The hobgoblin barely misses you.
Casting: Freeze (safe; 3% risk of failure)
Confirm with . or Enter, or press ? or * to list all spells.
Aiming: Freeze (safe; 3% risk of failure)
Press: ? - help, Shift-Dir - straight line, f/p - hobgoblin
Aim: a hobgoblin (almost dead)
You freeze the hobgoblin!
You kill the hobgoblin!
You start resting.
Magic restored.
There is a faded altar of an unknown god here.
You cannot tell which god this altar belongs to.
Convert to them anyway? [Y]es or [N]o only, please.
You cannot tell which god this altar belongs to.
Convert to them anyway?
Trog accepts your prayer! Trog welcomes you!
You can now go berserk at will.
You see here a +0 chain mail.
There is an empty arch of ancient stone here.
An endoplasm comes into view.
A hobgoblin comes into view.
Found a ring mail.
Found a stone staircase leading down.
The hobgoblin shouts!
The endoplasm quivers.
The endoplasm hits you.
Casting: Freeze (safe; 3% risk of failure)
Confirm with . or Enter, or press ? or * to list all spells.
Casting this spell will place you under penance.
Really cast? [Y]es or [N]o only, please.
Casting this spell will place you under penance.
Really cast?
Okay, then.
Unknown command.
Unknown command.
Are you sure you want to abandon this character and quit the game? (Confirm with "yes".)

. #.
#........#####..####.#...##
.##.##.##.###.# #.## #.#####
.##.........#[#####.#####.#
.......####.#.##.......##.#
.#####.####.#.##.......##.#
...............#...[...##.#
.........##.#..........##.#
.........# #..#J.....>##.#####
.#####.#.# #...@.g....##.....#
.......#.#.♣..♣P.P.....######.#
.#######.......♣..P.#### #.# .#
#♣....P......♣## #.# .#
#.......P.....P.## #.# ##
#......P...P..P...# #.# #
#...♣.............# #.#
######.....P.....P.♣♣♣.######.#
..............<...............#


You could see an endoplasm and a hobgoblin.

Vanquished Creatures
  An endoplasm (D:1)
  3 hobgoblins (D:1)
4 creatures vanquished.

Notes
Turn   | Place    | Note
-------+----------+-------------------------------------------
     0 | D:1      | Turgor the Merfolk Ice Elementalist began the quest for the
                  | Orb.
     0 | D:1      | Reached XP level 1. HP: 13/13 MP: 3/3
   212 | D:1      | Found a faded altar of an unknown god.
   268 | D:1      | Became a worshipper of Trog the Wrathful
   268 | D:1      | Reached * piety under Trog
   324 | D:1      | Quit the game

Illustrated notes

Levels and vault maps discovered:
D:1:      wander_arrival_fairy_ring, layout_loops_cross,
          hellmonk_ecumenical_altar_arch_garden

Action                   || total
-------------------------++-------
Melee: Unarmed           ||     1
 Cast: Freeze            ||     8
 Stab: Sleeping          ||     1
Dodge: Dodged            ||     5
